[Event "Titled Tuesday Blitz June 15 2021"]
[White "Michailov, Matias"]
[Black "Can, Emre"]
[WhiteFideId "3001571"]
[BlackFideId "6302181"]
[WhiteElo "2231"]
[BlackElo "2503"]
[Result "1-0"]
[Round "07"]
[TimeControl "180+1"]
[Date "2021.06.15"]
[WhiteClock "0:00:14"]
[BlackClock "0:00:03"]

1. d4 Nf6 2. Nf3 g6 3. c4 Bg7 4. Nc3 O-O 5. e4 d6 6. Be2 Nbd7 7. O-O e5 8. d5 a5 9. Bg5 h6 10. Bh4 Nc5 11. Nd2 Bd7 12. Qc2 Qe8 13. b3 Nh7 14. a3 f5 15. f3 h5 16. b4 Na6 17. Rab1 Bh6 18. Bf2 axb4 19. axb4 b6 20. Bd3 Kh8 21. Kh1 f4 22. c5 bxc5 23. bxc5 Nxc5 24. Bxc5 dxc5 25. Bb5 Nf6 26. Nc4 Qe7 27. Rfd1 Rfd8 28. Bxd7 Rxd7 29. d6 Qe6 30. Nb5 Ne8 31. dxc7 Rxd1+ 32. Rxd1 Bg5 33. Qc3 Rc8 34. Qxe5+ Qxe5 35. Nxe5 Kg7 36. Rd7+ Kf6 37. Nc4 Ke6 38. Rh7 Be7 39. Nb6 Rxc7 40. Nxc7+ Nxc7 41. g3 fxg3 42. hxg3 Ne8 43. Kg2 Nd6 44. Rh8 Bf6 45. Ra8 Bd4 46. Nd5 c4 47. Ra6 Kd7 48. Kf1 c3 49. Ke2 Nb5 50. Kd3 Be5 51. Rxg6 Na3 52. Nxc3 1-0


[Site "https://www.chess.com"]

[Event "Titled Tuesday Blitz June 15 2021"]
[White "Mickiewicz, Piotr"]
[Black "Donchenko, Alexander"]
[WhiteFideId "1114891"]
[BlackFideId "24603295"]
[WhiteElo "2263"]
[BlackElo "2553"]
[Result "0-1"]
[Round "07"]
[TimeControl "180+1"]
[Date "2021.06.15"]
[WhiteClock "0:00:10"]
[BlackClock "0:00:17"]

1. Nf3 Nf6 2. g3 b6 3. Bg2 Bb7 4. O-O g6 5. c4 Bg7 6. Nc3 O-O 7. d4 Ne4 8. Bd2 d6 9. Ng5 Nxc3 10. Bxc3 Bxg2 11. Kxg2 Nd7 12. e4 e5 13. Nf3 Qe7 14. Re1 Kh8 15. Qd2 a5 16. Rad1 Rad8 17. b3 Nb8 18. Qe3 c5 19. dxe5 dxe5 20. Rd5 Nc6 21. h4 h5 22. Qg5 Qxg5 23. hxg5 Nd4 24. Bxd4 exd4 25. e5 Rfe8 26. e6 Rxd5 27. cxd5 fxe6 28. dxe6 Kg8 29. a4 Kf8 30. Nd2 Ke7 31. Nc4 Rb8 32. f4 d3 33. Rd1 Rd8 34. Kf3 Kxe6 35. Ke4 Rd4+ 36. Ke3 Kf5 37. Rxd3 Kg4 38. Ne5+ Bxe5 39. fxe5 Rxd3+ 40. Kxd3 Kf5 41. Kc4 Kxe5 42. Kb5 Kf5 43. Kxb6 Kg4 44. Kxa5 Kxg3 45. Kb5 h4 46. a5 h3 47. a6 h2 48. a7 h1=Q 49. a8=Q Qxa8 0-1


[Site "https://www.chess.com"]

[Event "Titled Tuesday Blitz June 15 2021"]
[White "Mikhailovsky, Vladimir"]
[Black "Zhukova, Natalia"]
[WhiteFideId "34105414"]
[BlackFideId "14101513"]
[WhiteElo "2314"]
[BlackElo "2369"]
[Result "1-0"]
[Round "07"]
[TimeControl "180+1"]
[Date "2021.06.15"]
[WhiteClock "0:01:00"]
[BlackClock "0:00:07"]

1. e4 e5 2. Nf3 Nc6 3. Nc3 Nf6 4. d4 exd4 5. Nxd4 Bb4 6. Nxc6 bxc6 7. Bd3 d5 8. exd5 O-O 9. O-O cxd5 10. h3 h6 11. Qf3 c6 12. Bf4 Bd6 13. Rfe1 Rb8 14. b3 Rb4 15. Ne2 Qc7 16. Bxh6 Bh2+ 17. Kh1 Be5 18. c3 Rh4 19. Bg5 Rh8 20. Bf4 Re8 21. Kg1 Ne4 22. Bxe4 dxe4 23. Qxe4 Bd7 24. Rad1 Bxc3 1-0


[Site "https://www.chess.com"]

[Event "Titled Tuesday Blitz June 15 2021"]
[White "Mirzoev, Azer"]
[Black "Zemach, Roee"]
[WhiteFideId "13400304"]
[BlackFideId "2818531"]
[WhiteElo "2525"]
[BlackElo "2131"]
[Result "0-1"]
[Round "07"]
[TimeControl "180+1"]
[Date "2021.06.15"]
[WhiteClock "0:00:11"]
[BlackClock "0:00:13"]

1. d4 Nf6 2. c4 e6 3. Nc3 Bb4 4. e3 O-O 5. Ne2 c6 6. a3 Ba5 7. b4 Bc7 8. Bb2 d5 9. Ng3 dxc4 10. Bxc4 Nbd7 11. Bb3 e5 12. d5 cxd5 13. Nxd5 Nxd5 14. Qxd5 Nf6 15. Qxd8 Rxd8 16. O-O Be6 17. Bxe6 fxe6 18. Rfc1 Rac8 19. Kf1 Kf7 20. Rc2 Bb8 21. Rac1 Rxc2 22. Rxc2 Ke7 23. Ke2 Kd7 24. h3 Rc8 25. Rd2+ Ke7 26. Kf3 Rc4 27. e4 h5 28. Re2 g5 29. Ke3 h4 30. Kd3 Rc8 31. Nf1 g4 32. hxg4 Nxg4 33. f3 Nf6 34. Rc2 Rxc2 35. Kxc2 Nh5 36. Ne3 Nf4 37. Ng4 Nxg2 38. Kd3 h3 39. Ke2 Nf4+ 40. Kf1 Nd3 41. Bc3 Kd7 42. Kg1 Kc6 43. Kh2 Kb5 44. Kxh3 Kc4 45. Bd2 Kb3 46. Kh4 Kxa3 47. Kg5 Nxb4 48. Kf6 Nd3 49. Kxe6 b5 50. Kd5 Kb3 51. Kc6 b4 52. Kb7 a5 53. Kxb8 a4 54. Bh6 a3 55. Bg7 a2 56. Nxe5 a1=Q 57. Nxd3 Qxg7 58. Nc5+ Kc4 59. Ne6 Qe5+ 60. Nc7 b3 61. Kb7 b2 62. Kc6 b1=Q 63. Nd5 Qb5# 0-1


[Site "https://www.chess.com"]

[Event "Titled Tuesday Blitz June 15 2021"]
[White "Molina, Roberto Junio Brito"]
[Black "Sztokbant, Bernardo Vainzoff"]
[WhiteFideId "2109450"]
[BlackFideId "2115956"]
[WhiteElo "2402"]
[BlackElo "2264"]
[Result "1-0"]
[Round "07"]
[TimeControl "180+1"]
[Date "2021.06.15"]
[WhiteClock "0:00:20"]
[BlackClock "0:00:05"]

1. c4 e5 2. Nc3 Nf6 3. g3 d5 4. cxd5 Nxd5 5. Bg2 Nb6 6. Nf3 Nc6 7. O-O Be7 8. b3 O-O 9. Bb2 Re8 10. Rc1 Bf8 11. d3 Bg4 12. h3 Bh5 13. a3 Qd7 14. Kh2 Rad8 15. Ne4 Bg6 16. Nc5 Bxc5 17. Rxc5 e4 18. Ne1 exd3 19. Nxd3 Bxd3 20. exd3 Qxd3 21. Qg4 Qg6 22. Rg5 Rd2 23. Rxg6 hxg6 24. Bc1 Rc2 25. Be3 Ne5 26. Qd4 c5 27. Qd6 c4 28. b4 c3 29. Rc1 Rxc1 30. Bxc1 Nbc4 31. Qd4 c2 32. Qc3 b5 33. Qxc2 Rd8 34. Bf4 Nd3 35. Bf1 Nxf4 36. gxf4 Nxa3 37. Qc7 Rd2 38. Bxb5 Rxf2+ 39. Kg3 Nxb5 40. Qb8+ Kh7 41. Kxf2 Nc3 42. Qxa7 Ne4+ 43. Ke3 Nd6 44. Qc5 Nf5+ 45. Qxf5 gxf5 46. b5 1-0


[Site "https://www.chess.com"]

[Event "Titled Tuesday Blitz June 15 2021"]
[White "Morefield, Jason"]
[Black "Dinu, Dumitru-Daniel"]
[WhiteFideId "30920825"]
[BlackFideId "1208403"]
[WhiteElo "2171"]
[BlackElo "2240"]
[Result "1-0"]
[Round "07"]
[TimeControl "180+1"]
[Date "2021.06.15"]
[WhiteClock "0:00:56"]
[BlackClock "0:00:11"]

1. d4 Nf6 2. c4 c5 3. d5 b5 4. cxb5 a6 5. bxa6 g6 6. Nc3 Bg7 7. e4 O-O 8. Bc4 Bxa6 9. Bxa6 Nxa6 10. Nf3 Nb4 11. O-O d6 12. Bd2 Nd7 13. a4 Nd3 14. b3 c4 15. bxc4 N7c5 16. a5 Nb2 17. Qe2 Rxa5 18. Rxa5 Qxa5 19. Nd1 Qa4 20. Nxb2 Bxb2 21. Bh6 Bg7 22. Bxg7 Kxg7 23. e5 Rb8 24. h4 h5 25. Ng5 Qa6 26. Re1 Rb7 27. Qf3 f6 28. exf6+ exf6 29. Ne6+ Nxe6 30. Rxe6 Qa1+ 31. Kh2 Qd4 32. Re4 Qa1 33. Qe3 Qa7 34. Qe2 Rc7 35. Re6 Rd7 36. Qb2 Rf7 37. Kg1 Qc7 38. Qb4 Rd7 39. Qc3 Rf7 40. Qd4 Qd7 41. Qf4 Qb7 42. Rxd6 Qc7 43. g3 Qc5 44. Rc6 Qb4 45. Rc7 Qb1+ 46. Kh2 Qc2 47. Rxf7+ Kxf7 48. d6 Qd3 49. c5 Qd5 50. Qc1 Qc6 51. Qe3 Qd5 52. Qe7+ Kg8 53. d7 1-0


[Site "https://www.chess.com"]

[Event "Titled Tuesday Blitz June 15 2021"]
[White "Muzzi, Eduardo"]
[Black "Terry, Renato"]
[WhiteFideId "3001253"]
[BlackFideId "3803457"]
[WhiteElo "1923"]
[BlackElo "2581"]
[Result "0-1"]
[Round "07"]
[TimeControl "180+1"]
[Date "2021.06.15"]
[WhiteClock "0:00:29"]
[BlackClock "0:01:24"]

1. e4 c5 2. Nf3 Nc6 3. d4 cxd4 4. Nxd4 e6 5. c4 Bb4+ 6. Nc3 Nf6 7. Nxc6 dxc6 8. Qxd8+ Kxd8 9. Bg5 e5 10. f4 h6 11. O-O-O Kc7 12. Bxf6 gxf6 13. g3 exf4 14. gxf4 Bd6 15. Ne2 Bg4 16. h3 Bf3 17. Rg1 Rag8 18. Rxg8 Rxg8 19. Rd3 Bxe4 20. Re3 f5 21. a3 Bc5 22. Rg3 Rxg3 23. Nxg3 Be3+ 24. Kd1 Bxf4 25. Nxe4 fxe4 26. Ke2 Kd6 27. Bg2 f5 28. b3 Ke5 29. Bf1 Bc1 30. a4 f4 31. Kd1 Ba3 32. Ke2 f3+ 33. Ke3 Bc5+ 34. Kd2 e3+ 0-1


[Site "https://www.chess.com"]

[Event "Titled Tuesday Blitz June 15 2021"]
[White "Nesterov, Arseniy"]
[Black "Real De Azua, Ernesto"]
[WhiteFideId "24198455"]
[BlackFideId "108154"]
[WhiteElo "2441"]
[BlackElo "2476"]
[Result "1-0"]
[Round "07"]
[TimeControl "180+1"]
[Date "2021.06.15"]
[WhiteClock "0:00:04"]
[BlackClock "0:00:02"]

1. d4 Nf6 2. c4 e6 3. Nf3 d5 4. Nc3 Bb4 5. Qb3 c5 6. dxc5 Na6 7. cxd5 Qxd5 8. Qxb4 Nxb4 9. Nxd5 Nfxd5 10. Rb1 Nxa2 11. Bd2 b6 12. c6 Ba6 13. e4 Bxf1 14. Kxf1 Ndb4 15. Ra1 O-O-O 16. Ke2 a5 17. Ne5 Rd4 18. f3 f6 19. Nd7 Kc7 20. Be3 Rd6 21. Nxb6 Rxc6 22. Rhd1 Rd8 23. Rxd8 Kxd8 24. Na4 Rc2+ 25. Kf1 Kc7 26. Bb6+ Kc6 27. b3 Kb5 28. e5 fxe5 29. Re1 Nd3 30. Re3 Nac1 31. g3 Kc6 32. Bxa5 Rf2+ 33. Kg1 Re2 34. Rxe2 Nxe2+ 35. Kg2 Nd4 36. b4 Kb5 37. Nc3+ Kc4 38. Ne4 Nxb4 39. Bxb4 Kxb4 40. Nd6 Kc5 41. Ne8 g6 42. Nf6 h5 43. h4 Kd6 44. Ne4+ Ke7 45. Kf2 Nf5 46. Ng5 Kf6 47. Ne4+ Ke7 48. Nd2 Nd6 49. Ke3 Kf6 50. Ne4+ Nxe4 51. Kxe4 Kf7 52. Kxe5 Ke7 53. g4 Kf7 54. g5 Ke7 55. f4 Kf7 56. Kd6 1-0


[Site "https://www.chess.com"]

[Event "Titled Tuesday Blitz June 15 2021"]
[White "Niemann, Hans Moke"]
[Black "Kukhmazov, Arsen"]
[WhiteFideId "2093596"]
[BlackFideId "24108260"]
[WhiteElo "2492"]
[BlackElo "2453"]
[Result "1-0"]
[Round "07"]
[TimeControl "180+1"]
[Date "2021.06.15"]
[WhiteClock "0:00:49"]
[BlackClock "0:00:17"]

1. d4 d5 2. Nc3 Nf6 3. Bf4 a6 4. e3 c5 5. dxc5 e6 6. b4 b6 7. Na4 bxc5 8. Nxc5 Bxc5 9. bxc5 Ne4 10. Nf3 Qa5+ 11. Nd2 Nc6 12. Bd3 Nxc5 13. O-O Nxd3 14. cxd3 O-O 15. d4 Qd8 16. Nb3 a5 17. Rc1 Bb7 18. Nc5 Ba6 19. Re1 Bc4 20. Qa4 Nb4 21. a3 Nd3 22. Nxd3 Bxd3 23. Rc7 Bc4 24. h3 Qe8 25. Qc2 Rc8 26. Ra7 Ra8 27. Rc7 Rc8 28. Rb1 Rxc7 29. Bxc7 a4 30. Bd6 Bb3 31. Qc5 1-0


[Site "https://www.chess.com"]

[Event "Titled Tuesday Blitz June 15 2021"]
[White "Obolentseva, Alexandra"]
[Black "Tejedor Fuente, Enrique"]
[WhiteFideId "24153648"]
[BlackFideId "2299100"]
[WhiteElo "2113"]
[BlackElo "2535"]
[Result "0-1"]
[Round "07"]
[TimeControl "180+1"]
[Date "2021.06.15"]
[WhiteClock "0:00:32"]
[BlackClock "0:00:08"]

1. d4 e5 2. dxe5 Nc6 3. Bf4 Qe7 4. Nc3 Qb4 5. Qd2 Qxb2 6. Rb1 Qa3 7. Nd5 Qxa2 8. Rd1 Kd8 9. e6 fxe6 10. Bxc7+ Ke8 11. Ne3 Bb4 12. c3 Qxd2+ 13. Kxd2 Bc5 14. Nf3 d6 15. Nc4 Ke7 16. e4 Nf6 17. e5 Ne4+ 18. Kc2 d5 19. Nd6 Nxf2 20. Bb5 Nxh1 21. Rxh1 Bd7 22. Ng5 Rhf8 23. Nxb7 Rf2+ 24. Kd3 Nxe5+ 25. Bxe5 Bxb5+ 26. c4 Bxc4+ 27. Kc3 Rc8 28. Nxc5 Rxc5 29. Bd4 Rxg2 30. Bxc5+ Kf6 31. Nxh7+ Kg6 32. Nf8+ Kf7 33. Rf1+ Bxf1 34. Nxe6 Kxe6 35. Bxa7 Ke7 36. Bd4 Rg6 37. h4 Bc4 38. h5 Rg3+ 39. Kb4 Rh3 40. Kc5 Rxh5 41. Bxg7 Bf1 42. Bd4 Ke6 43. Kc6 Bg2 44. Kc7 Kf5 45. Kc6 Ke4 46. Kc5 Rh4 47. Kd6 0-1


[Site "https://www.chess.com"]

[Event "Titled Tuesday Blitz June 15 2021"]
[White "Oparin, Grigoriy"]
[Black "Gabrielian, Artur"]
[WhiteFideId "24125890"]
[BlackFideId "4131002"]
[WhiteElo "2628"]
[BlackElo "2539"]
[Result "1-0"]
[Round "07"]
[TimeControl "180+1"]
[Date "2021.06.15"]
[WhiteClock "0:01:06"]
[BlackClock "0:00:07"]

1. b3 Nf6 2. Bb2 g6 3. Nf3 Bg7 4. c4 O-O 5. g3 d6 6. Bg2 e5 7. O-O Nc6 8. d3 Re8 9. Nc3 Nd4 10. e3 Nxf3+ 11. Bxf3 c6 12. Bg2 Bg4 13. Qc2 Qd7 14. Rfe1 Bh3 15. Bh1 h5 16. f3 d5 17. Rad1 Rad8 18. Qf2 b6 19. cxd5 cxd5 20. Ne2 Rc8 21. Rc1 Rxc1 22. Rxc1 Rc8 23. Bxe5 Rxc1+ 24. Nxc1 Ng4 25. fxg4 Bxe5 26. d4 Qc7 27. Ne2 Qc2 28. Bg2 Bxg4 29. Bxd5 Bf5 30. Bxf7+ Kxf7 31. dxe5 Qb1+ 32. Qf1 Qd3 33. Kf2 Ke7 34. Qc1 Qd5 35. Nf4 Qxe5 36. h4 Be4 37. Qd2 a5 38. Qd4 Kf6 39. Qxb6+ Kf7 40. Qd4 Qf5 41. a3 Kg8 42. b4 axb4 43. axb4 Bh1 44. Qd8+ Kh7 45. Qc7+ Kh8 46. Qc1 Be4 47. Qc5 Qg4 48. Qd4+ 1-0


[Site "https://www.chess.com"]

[Event "Titled Tuesday Blitz June 15 2021"]
[White "Ozen, Bahadir"]
[Black "Sarana, Alexey"]
[WhiteFideId "6337058"]
[BlackFideId "24133795"]
[WhiteElo "2503"]
[BlackElo "2629"]
[Result "0-1"]
[Round "07"]
[TimeControl "180+1"]
[Date "2021.06.15"]
[WhiteClock "0:00:02"]
[BlackClock "0:00:47"]

1. Nf3 d5 2. e3 Nf6 3. c4 e6 4. Nc3 Bd6 5. b3 O-O 6. Bb2 Nbd7 7. Be2 Re8 8. O-O b6 9. cxd5 exd5 10. Rc1 a6 11. Nd4 Bb7 12. Nf5 Bf8 13. d4 g6 14. Nh4 Bd6 15. Nf3 Qe7 16. g3 h5 17. Re1 Ng4 18. Bf1 Ndf6 19. Bg2 Rad8 20. Qc2 c5 21. dxc5 bxc5 22. Rcd1 Qe6 23. Ng5 Qe7 24. Nf3 Bb8 25. Ba3 Rc8 26. Qc1 Ba7 27. Qb2 Qe6 28. Rd2 Qf5 29. Nh4 Qe5 30. Nf3 Qf5 31. Nh4 Qe6 32. Nf3 d4 33. Nd1 Ne4 34. exd4 Nxd2 35. Rxe6 Nxf3+ 36. Bxf3 Bxf3 37. Rxe8+ Rxe8 38. Ne3 cxd4 39. Nf1 d3 40. Ne3 Nxe3 41. Bb4 Ng4 42. Qh8+ 0-1


[Site "https://www.chess.com"]

[Event "Titled Tuesday Blitz June 15 2021"]
[White "Palchuk, Andrii"]
[Black "Maly, Alexey"]
[WhiteFideId "14176688"]
[BlackFideId "14103184"]
[WhiteElo "2267"]
[BlackElo "2285"]
[Result "1-0"]
[Round "07"]
[TimeControl "180+1"]
[Date "2021.06.15"]
[WhiteClock "0:00:45"]
[BlackClock "0:00:02"]

1. d4 d5 2. Nf3 Nf6 3. c4 dxc4 4. e3 e6 5. Bxc4 a6 6. O-O b5 7. Bb3 Bb7 8. Nc3 Nbd7 9. Qe2 c5 10. Rd1 Qc7 11. Bd2 Be7 12. Rac1 O-O 13. a3 Qb6 14. Bc2 Rac8 15. Bb1 Rfd8 16. Be1 h6 17. h3 Ba8 18. Ne5 cxd4 19. exd4 Nxe5 20. dxe5 Nd5 21. Ne4 Nf4 22. Qg4 Ng6 23. Bc3 Rxd1+ 24. Rxd1 Rd8 25. Re1 Bd5 26. Nf6+ Bxf6 27. exf6 Qc7 28. fxg7 Qf4 29. Bxg6 Qxg4 30. Bxf7+ Kxf7 31. hxg4 Bb3 32. Kh2 Rd5 33. f3 a5 34. Re4 Kg8 35. Rf4 Rd8 36. Kg3 Bd5 37. Kh4 a4 38. Kh5 1-0


[Site "https://www.chess.com"]

[Event "Titled Tuesday Blitz June 15 2021"]
[White "Paravyan, David"]
[Black "Balakrishnan, Praveen"]
[WhiteFideId "4194985"]
[BlackFideId "2064871"]
[WhiteElo "2562"]
[BlackElo "2237"]
[Result "1-0"]
[Round "07"]
[TimeControl "180+1"]
[Date "2021.06.15"]
[WhiteClock "0:00:07"]
[BlackClock "0:00:05"]

1. e4 c5 2. Nf3 a6 3. g3 Nc6 4. Bg2 g6 5. c3 Bg7 6. d4 cxd4 7. cxd4 d6 8. Nc3 Bg4 9. Be3 Nf6 10. h3 Bxf3 11. Bxf3 e5 12. d5 Nd4 13. Bxd4 exd4 14. Qxd4 O-O 15. O-O Nd7 16. Qb4 Nc5 17. Rfd1 Re8 18. a4 Rc8 19. a5 Rc7 20. Kg2 Rce7 21. Rac1 h5 22. h4 Bf6 23. Rc2 Kg7 24. Re2 Qd7 25. b3 Kg8 26. Na4 Nxa4 27. bxa4 Rc8 28. Rd3 Rc5 29. Kh2 Qc7 30. Bg2 Bc3 31. Qb3 Qxa5 32. f4 Qb4 33. Qxb4 Bxb4 34. e5 Rc1 35. Kh3 Kg7 36. g4 hxg4+ 37. Kxg4 Rc4 38. Re4 Rxe4 39. Bxe4 dxe5 40. f5 Bd6 41. Rf3 gxf5+ 42. Kxf5 Rc7 43. h5 Kh6 44. Kf6 Be7+ 45. Kxf7 Kxh5 46. Ke6 Bb4 47. d6 Rc4 48. d7 Rd4 49. Bd5 Ba5 50. Rb3 b5 51. axb5 axb5 52. Rxb5 Bc7 53. Rb7 Ba5 54. Ra7 Bb6 55. Rb7 Ba5 56. Rb5 Bd8 57. Kxe5 Rd1 58. Bf3+ 1-0


[Site "https://www.chess.com"]

[Event "Titled Tuesday Blitz June 15 2021"]
[White "Perez Perez, Gabriel"]
[Black "Leiva, Gianmarco"]
[WhiteFideId "32089147"]
[BlackFideId "3804399"]
[WhiteElo "2037"]
[BlackElo "2365"]
[Result "0-1"]
[Round "07"]
[TimeControl "180+1"]
[Date "2021.06.15"]
[WhiteClock "0:00:05"]
[BlackClock "0:00:06"]

1. Nf3 Nf6 2. g3 d5 3. Bg2 c6 4. O-O Bg4 5. c4 e6 6. b3 Nbd7 7. Bb2 Bd6 8. d4 O-O 9. Nbd2 Bh5 10. Rc1 b5 11. Ne5 bxc4 12. bxc4 Bxe5 13. dxe5 Ng4 14. cxd5 cxd5 15. Nf3 Nh6 16. Qd2 Nb6 17. Qf4 Nc4 18. Bd4 Qa5 19. Ra1 Bxf3 20. Bxf3 Nd2 21. Rfd1 Nxf3+ 22. Qxf3 Rfc8 23. g4 Rc4 24. h3 Rac8 25. Be3 Qc3 26. Qg3 Qb2 27. Bxh6 gxh6 28. e3 Re4 29. Rab1 Qxe5 30. Qxe5 Rxe5 31. Rb7 Ra8 32. Rc1 Re4 33. Rcc7 Rf8 34. Rxa7 Rb4 35. a3 Rb2 36. Kg2 Kg7 37. Kg3 Kg6 38. f3 h5 39. a4 hxg4 40. hxg4 h5 41. gxh5+ Kf6 42. f4 Rb1 43. h6 Rh1 44. a5 Rxh6 45. a6 Rh1 46. Rab7 Ra1 47. a7 Ra3 48. Kf3 Ra8 49. Kf2 Kf5 50. Rxf7+ Ke4 51. Rbe7 Ra2+ 52. Kg3 Rg8+ 53. Kh3 Kf3 54. Rg7 Rh8+ 55. Rh7 Rg8 56. Reg7 Ra8 57. f5 exf5 58. Rf7 Kxe3 59. Rxf5 d4 60. Re5+ Kd3 61. Rd5 R2xa7 62. Rxa7 Rxa7 63. Kg2 Ke4 64. Rd8 Rf7 65. Rb8 Kd3 66. Rb2 Kc3 67. Re2 d3 68. Re6 d2 69. Rc6+ Kd3 70. Rd6+ Kc2 71. Rc6+ Kd1 72. Re6 Rf4 73. Kg3 Rf1 74. Kg2 Re1 75. Rc6 Ke2 76. Re6+ Kd3 77. Rd6+ Kc3 78. Rc6+ Kb4 79. Rb6+ Kc5 0-1


[Site "https://www.chess.com"]

[Event "Titled Tuesday Blitz June 15 2021"]
[White "Ponkratov, Pavel"]
[Black "Har-Zvi, Ronen"]
[WhiteFideId "4157800"]
[BlackFideId "2801485"]
[WhiteElo "2636"]
[BlackElo "2523"]
[Result "1-0"]
[Round "07"]
[TimeControl "180+1"]
[Date "2021.06.15"]
[WhiteClock "0:00:18"]
[BlackClock "0:00:01"]

1. d4 d5 2. c4 c6 3. Nf3 Nf6 4. Nc3 dxc4 5. a4 Bf5 6. Ne5 Nbd7 7. Nxc4 Qc7 8. g3 e5 9. dxe5 Nxe5 10. Bf4 Nfd7 11. Bg2 f6 12. O-O Be6 13. Nxe5 Nxe5 14. a5 a6 15. Ne4 Be7 16. Qc2 O-O 17. Nc5 Bf7 18. Rfd1 Rad8 19. b4 Bxc5 20. Qxc5 Rxd1+ 21. Rxd1 Re8 22. h4 h6 23. Bh3 g5 24. hxg5 hxg5 25. Bc1 Rd8 26. Rxd8+ Qxd8 27. Bb2 Qd1+ 28. Bf1 Bc4 29. Qe3 Qd6 30. Bd4 Kf7 31. Bc5 Qd1 32. f4 gxf4 33. gxf4 Ng6 34. Kf2 Be6 35. Qe4 Bd5 36. Qf5 Qd2 37. Qd7+ Kg8 38. Qe8+ Kg7 39. Qe3 Qc2 40. Qg3 Qf5 41. Be3 Kf7 42. Bh3 Qh5 43. Bg4 Qh1 44. Bf5 Ne7 45. Bd7 Be6 46. Bxe6+ Kxe6 47. Bc5 Qh7 48. Qe3+ Kf5 49. Qd3+ 1-0


[Site "https://www.chess.com"]

[Event "Titled Tuesday Blitz June 15 2021"]
[White "Popilski, Gil"]
[Black "Liang, Jason"]
[WhiteFideId "2809060"]
[BlackFideId "30940303"]
[WhiteElo "2537"]
[BlackElo "1976"]
[Result "1-0"]
[Round "07"]
[TimeControl "180+1"]
[Date "2021.06.15"]
[WhiteClock "0:00:03"]
[BlackClock "0:00:09"]

1. e4 d6 2. d4 Nf6 3. Nc3 e6 4. f4 d5 5. e5 Ne4 6. Nf3 c5 7. Bd3 Nxc3 8. bxc3 Qa5 9. Bd2 b6 10. c4 Qa4 11. cxd5 exd5 12. c4 Qxd1+ 13. Rxd1 Ba6 14. Be3 cxd4 15. Nxd4 Bb4+ 16. Kf2 Bxc4 17. Bxc4 dxc4 18. Nb5 Na6 19. Rd4 c3 20. Rc1 O-O 21. a3 Ba5 22. Rd7 Nb8 23. Rc7 Na6 24. Rd7 Nc5 25. Bxc5 bxc5 26. Nxc3 Rfb8 27. Ne4 Rb2+ 28. Kf3 Rb3+ 29. Kg4 Rxa3 30. Rxc5 Bb6 31. Rcd5 Re3 32. Nd6 Rf8 33. Nf5 Re2 34. g3 Rxh2 35. Rb7 g6 36. Ne7+ Kg7 37. Rdd7 Rf2 38. Nd5 h5+ 39. Kh3 Kg8 40. Nf6+ Kg7 41. Ne4 Kg8 42. Nxf2 Bxf2 43. e6 fxe6 44. Rg7+ Kh8 45. Rh7+ Kg8 46. Rbg7# 1-0


[Site "https://www.chess.com"]

[Event "Titled Tuesday Blitz June 15 2021"]
[White "Potapova, Margarita"]
[Black "Urazayev, Arystanbek"]
[WhiteFideId "14126869"]
[BlackFideId "13709810"]
[WhiteElo "2229"]
[BlackElo "2321"]
[Result "0-1"]
[Round "07"]
[TimeControl "180+1"]
[Date "2021.06.15"]
[WhiteClock "0:00:03"]
[BlackClock "0:00:38"]

1. d4 d5 2. c4 e6 3. Nf3 Nf6 4. g3 dxc4 5. Bg2 Bd7 6. O-O Bc6 7. Qd2 Nbd7 8. a4 a5 9. Nc3 Bb4 10. Qc2 O-O 11. Rd1 Nb6 12. Bg5 h6 13. Bxf6 Qxf6 14. e4 Bxc3 15. bxc3 Rfd8 16. Ne5 Be8 17. f4 Qe7 18. Rdb1 f6 19. Ng4 Bc6 20. Ne3 Qd7 21. Bh3 Bxa4 22. Qe2 Qc6 23. d5 exd5 24. exd5 Qc5 25. Be6+ Kh8 26. Rxb6 cxb6 27. Rxa4 b5 28. Ra1 b4 29. Kg2 b5 30. Re1 bxc3 31. Qg4 Qf8 32. Qg6 b4 33. Bf5 Qg8 34. Ng4 Ra7 35. Nxf6 gxf6 36. Qxf6+ Rg7 37. Qxh6+ Rh7 38. Qf6+ Rg7 39. Re7 Qxd5+ 40. Kh3 Qd4 41. Qh4+ Kg8 42. Be6+ Kf8 43. Rxg7 Kxg7 44. Qe7+ Kh8 45. Qh4+ Kg7 46. Qg5+ Kf8 47. Qh6+ Ke7 48. Bf5 Rh8 49. Bh7 Qf6 50. Qh5 c2 51. Qc5+ Kf7 52. Qc7+ Qe7 53. Qxc4+ Qe6+ 0-1


[Site "https://www.chess.com"]

[Event "Titled Tuesday Blitz June 15 2021"]
[White "Rojas Alarcon, Julian Antonio"]
[Black "Nasyrova, Ekaterina"]
[WhiteFideId "5107407"]
[BlackFideId "44157797"]
[WhiteElo "2333"]
[BlackElo "2115"]
[Result "1-0"]
[Round "07"]
[TimeControl "180+1"]
[Date "2021.06.15"]
[WhiteClock "0:00:43"]
[BlackClock "0:00:02"]

1. c4 e6 2. Nc3 d5 3. d4 Nf6 4. Nf3 dxc4 5. e4 b5 6. Nxb5 Nxe4 7. Bxc4 Bb7 8. O-O Be7 9. Nc3 O-O 10. Bd3 Nf6 11. Ne5 Nc6 12. Be3 Nb4 13. Be2 Nbd5 14. Bf3 Nxc3 15. bxc3 Bxf3 16. Qxf3 Qd5 17. Rab1 Qxf3 18. gxf3 Nd5 19. Bd2 Bf6 20. Nc6 Nb6 21. Bf4 Nd5 22. Bd2 Ne7 23. Na5 Rab8 24. Rb3 Rb6 25. Nc4 Rc6 26. Ne3 Ra6 27. a3 Rb6 28. Rfb1 Rfb8 29. Rxb6 axb6 30. Kf1 Ra8 31. Bc1 Nc6 32. Ke1 e5 33. d5 Na5 34. Kd2 Nb7 35. Kd3 Nc5+ 36. Kc4 Ra4+ 37. Kb5 Be7 38. Kc6 Bd6 39. Rb4 Rxb4 40. cxb4 Nd3 41. Bd2 Kf8 42. Nc4 Ke7 43. Nxd6 cxd6 44. Kxb6 Nxf2 45. a4 e4 46. fxe4 Nxe4 47. Be1 Kd7 48. Kb7 Nf6 49. a5 Nxd5 50. b5 Ne7 51. a6 Nc8 52. a7 Nxa7 53. Kxa7 1-0


[Site "https://www.chess.com"]

[Event "Titled Tuesday Blitz June 15 2021"]
[White "Rosenberg, Evan S"]
[Black "Shuvalova, Polina"]
[WhiteFideId "2019299"]
[BlackFideId "24171760"]
[WhiteElo "2258"]
[BlackElo "2299"]
[Result "0-1"]
[Round "07"]
[TimeControl "180+1"]
[Date "2021.06.15"]
[WhiteClock "0:00:01"]
[BlackClock "0:00:44"]

1. Nf3 d5 2. c4 e6 3. d4 Nf6 4. g3 Bb4+ 5. Bd2 Be7 6. Bg2 c6 7. O-O Nbd7 8. Qc2 b6 9. Ne5 Nxe5 10. dxe5 Nd7 11. f4 Bb7 12. Nc3 O-O 13. Rad1 Rc8 14. Be3 Qc7 15. Qd3 Qd8 16. cxd5 cxd5 17. Bd4 g6 18. f5 Nc5 19. Qf3 exf5 20. Bxc5 Bxc5+ 21. e3 Qg5 22. Nxd5 Bxd5 23. Qxd5 Rfd8 24. Qb7 Qxe3+ 25. Kh1 Qxe5 26. Rde1 Qc7 27. Qf3 Bd4 28. Qb3 Qc5 29. Rd1 Bf6 30. Rxd8+ Rxd8 31. a3 Kg7 32. h3 h5 33. Kh2 Be5 34. Re1 Qd6 35. Qe3 Bf6 36. Re2 Rd7 37. Qf3 h4 0-1


[Site "https://www.chess.com"]

[Event "Titled Tuesday Blitz June 15 2021"]
[White "Rustemov, Alexander"]
[Black "Mhango, Banele"]
[WhiteFideId "4119002"]
[BlackFideId "14327040"]
[WhiteElo "2716"]
[BlackElo "2568"]
[Result "1-0"]
[Round "07"]
[TimeControl "180+1"]
[Date "2021.06.15"]
[WhiteClock "0:00:30"]
[BlackClock "0:00:14"]

1. d4 Nf6 2. c4 g6 3. g3 Bg7 4. Bg2 O-O 5. Nc3 d6 6. Nf3 Nc6 7. O-O e5 8. d5 Ne7 9. e4 c6 10. h3 cxd5 11. cxd5 Bd7 12. a4 a6 13. Qb3 Rb8 14. Be3 b6 15. Nd2 Ne8 16. Nc4 Nc8 17. f4 exf4 18. gxf4 b5 19. axb5 Bxb5 20. Nxb5 Rxb5 21. Qc2 Nf6 22. Rxa6 Re8 23. Bd4 Nxd5 24. Bxg7 Nb4 25. Qa4 Nxa6 26. Qxb5 Nc7 27. Qc6 Kxg7 28. Rd1 Re6 29. e5 d5 30. Qc5 Ne7 31. Ne3 Qb8 32. b4 Qb6 33. Rc1 Qxc5 34. Rxc5 Na6 35. Rb5 d4 36. Nd5 Nxd5 37. Bxd5 Re7 38. Kf2 Rc7 39. Rb6 Ra7 40. Bc4 Nc7 41. Kf3 Kf8 42. Ke4 Ke7 43. Kxd4 1-0


[Site "https://www.chess.com"]